 Dungeon Crawl Stone Soup version 0.24-a0-613-g1ff6aac338 (webtiles) character file.

Game seed: 2476734561197075086, levelgen mode: deterministic

241 Jorund the Shield-Bearer (level 6, -1/48 HPs)
             Began as a Formicid Fighter on Sept 11, 2019.
             Splashed by Ijyb's acid (11 damage)
             ... on level 3 of the Dungeon.
             The game lasted 00:04:23 (2185 turns).

Jorund the Shield-Bearer (Formicid Fighter)         Turns: 2185, Time: 00:04:24

Health: -1/48      AC:  8    Str: 26    XL:     6   Next: 30%
Magic:  6/6        EV: 13    Int:  9    God:
Gold:   110        SH: 10    Dex: 10    Spells: 5/5 levels left

rFire    . . .     SeeInvis +   a - +0 war axe
rCold    . . .     Gourm    .   c - +0 shield
rNeg     . . .     Faith    .   b - +0 scale mail
rPois    .         Spirit   .   (helmet unavailable)
rElec    .         Reflect  .   (no cloak)
rCorr    .         Harm     .   k - +0 pair of gloves
MR       .....                  (no boots)
Stlth    ..........             (no amulet)
HPRegen  0.16/turn              i - +5 ring of evasion
MPRegen  0.10/turn              (no ring)

@: mighty
A: permanent stasis, dig shafts and tunnels, four strong arms, antennae 3
a: Dig, Shaft Self


You were on level 3 of the Dungeon.
You were not hungry.

You visited 1 branch of the dungeon, and saw 3 of its levels.

You collected 110 gold pieces.

Inventory:

Hand Weapons
 a - a +0 war axe (weapon)
Missiles
 g - 19 poisoned darts (quivered)
 j - 45 bolts
 l - 5 atropa-tipped darts
 r - 7 curare-tipped darts
Armour
 b - a +0 scale mail (worn)
 c - a +0 shield (worn)
 k - a +0 pair of gloves (worn)
Jewellery
 i - a +5 ring of evasion (left hand)
Wands
 t - a wand of polymorph (7)
Scrolls
 n - a scroll of enchant weapon {unknown}
 o - 2 scrolls of teleportation {unknown}
 p - 2 scrolls of remove curse {unknown}
 s - a scroll of amnesia {unknown}
Potions
 e - a potion of degeneration {unknown}
 h - a potion of berserk rage {unknown}
 m - 2 potions of haste {unknown}
 q - a potion of flight {unknown}
Comestibles
 f - 6 rations


   Skills:
 + Level 4.1 Fighting
 + Level 4.2 Axes
 + Level 0.3 Throwing
 + Level 4.2 Armour
 + Level 5.0 Shields


You had 5 spell levels left.
You didn't know any spells.
Your spell library was empty.

Dungeon Overview and Level Annotations

Branches:
Dungeon (3/15)

Altars:
Fedhas
Kikubaaqudgha
Qazlal

Annotations:
D:3 Ijyb


Innate Abilities, Weirdness & Mutations

You cannot be hasted, slowed, berserked, paralysed or teleported.
You can dig through walls and to a lower floor.
Your four strong arms can wield two-handed weapons with a shield.
You have a pair of large antennae on your head. (SInv)


Message History

Ijyb screams, "Me kill you!"
Ijyb zaps a wand.
The bolt of acid misses you.
Your shield and scale mail prevent you from hitting Ijyb.
Ijyb zaps a wand.
The bolt of acid misses you.
Ijyb zaps a wand.
The bolt of acid hits you!
You are splashed with acid!
You are too injured to fight recklessly!
You are too injured to fight recklessly!
You are too injured to fight recklessly!
You feel very mighty all of a sudden. Ijyb hits you but does no damage.
You hit Ijyb.
Ijyb is moderately wounded.
You block Ijyb's attack.
Unknown command.
You slash Ijyb!
Ijyb is heavily wounded.
Ijyb zaps a wand.
The bolt of acid hits you!
* * * LOW HITPOINT WARNING * * *
You are splashed with acid!
You die...

#.# #.#.... #.#
#...#.# ###.###
##..... #.....#
##.....# #.#...#
#.......
#.#...####........
#....รท...+........
#.#...####........
#@##..# ##.......
#g###.######.....#
#.................
#.####.######.###
#.# #.# ####.# #<#
#.###)...# #.#
#........# #.#
#......>.####
##.##.#.....)


You could see Ijyb.

Vanquished Creatures
  An ogre (D:2)
  An orc priest (D:3)
  4 adders
  3 worms
  2 dart slugs (D:2)
  2 leopard geckos (D:3)
  2 orcs (D:3)
  2 ball pythons (D:1)
  5 giant cockroaches
  10 goblins
  4 hobgoblins
  6 jackals
  3 quokkas (D:2)
  9 bats
  4 frilled lizards
  5 kobolds
  5 rats
68 creatures vanquished.

Notes
Turn   | Place    | Note
-------+----------+-------------------------------------------
     0 | D:1      | Jorund the Formicid Fighter began the quest for the Orb.
     0 | D:1      | Reached XP level 1. HP: 18/18 MP: 1/1
    58 | D:1      | Reached XP level 2. HP: 12/24 MP: 2/2
   317 | D:1      | Reached skill level 4 in Shields
   498 | D:1      | Reached XP level 3. HP: 29/29 MP: 3/3
   528 | D:1      | You fall into a shaft and drop 1 floor!
   571 | D:2      | Noticed an ogre
   835 | D:2      | Reached XP level 4. HP: 31/37 MP: 4/4
  1097 | D:2      | Killed an ogre
  1097 | D:2      | Reached XP level 5. HP: 25/42 MP: 5/5
  1695 | D:3      | Reached XP level 6. HP: 47/48 MP: 6/6
  1941 | D:3      | Found a blossoming altar of Fedhas.
  1941 | D:3      | Found a faded altar of an unknown god.
  1951 | D:3      | Found a stormy altar of Qazlal.
  1953 | D:3      | Found a faded altar of an unknown god.
  1954 | D:3      | Found an ancient bone altar of Kikubaaqudgha.
  2021 | D:3      | Reached skill level 5 in Shields
  2178 | D:3      | Noticed Ijyb
  2185 | D:3      | Splashed by Ijyb's acid

Levels and vault maps discovered:
D:1:      zelgadis_glass_arrival_small, layout_basic, minmay_misc_feat_columns
D:2:      layout_basic
D:3:      layout_loops_corners, chequers_temple_overflow_minitemple, uniq_ijyb

Skill      XL: |  1  2  3  4  5  6 |
---------------+-------------------+-----
Shields        | 4 5 |  5.0
Fighting       | 4 |  4.1
Axes           | 3 4 |  4.2
Armour         | 4 |  4.2
Throwing       | |  0.3

Action                   |  1- 3 |  4- 6 || total
-------------------------+-------+-------++-------
Melee: War axe           |   121 |   128 ||   249
Throw: Dart              |       |     5 ||     5
  Use: Potion            |       |     1 ||     1
  Eat: Chunk             |       |     5 ||     5
Armor: Scale mail        |    64 |    43 ||   107
Dodge: Dodged            |    51 |    65 ||   116
Block: Shield            |    88 |    74 ||   162

Table legend:
 A = Non-vault XP
 B = Vault XP
 C = Vault XP percentage of total XP
 D = Non-vault monster count
 E = Vault monster count
 F = Vault count percentage of total count
                 A         B        C        D         E       F
            +---------+---------+-------+---------+---------+-------
      Total |     345 |       0 |   0.0 |      68 |       0 |   0.0
            +---------+---------+-------+---------+---------+-------
        D:1 |      31 |       0 |   0.0 |      19 |       0 |   0.0
        D:2 |     198 |       0 |   0.0 |      22 |       0 |   0.0
        D:3 |     116 |       0 |   0.0 |      27 |       0 |   0.0
            +---------+---------+-------+---------+---------+-------
